 Dungeon Crawl Stone Soup version 0.28.0-53-g5a82cb258f (webtiles) character file.

Game seed: 3887977160094535861

72 eooof the Conjurer (level 3, -2/26 HPs)
             Began as a Demigod Conjurer on June 29, 2022.
             Slain by a phantom (7 damage)
             ... on level 4 of the Dungeon.
             The game lasted 00:08:46 (1342 turns).

eooof the Conjurer (Demigod Conjurer)               Turns: 1342, Time: 00:08:47

Health: -2/26      AC:  4    Str:  8    XL:     3   Next: 80%
Magic:  1/10       EV: 12    Int: 24    God:
Gold:   29         SH:  0    Dex: 12    Spells: 2/7 levels left

rFire   . . .      SeeInvis .   j - +0 dagger (venom)
rCold   . . .      Faith    .   (no shield)
rNeg    . . .      Spirit   .   e - +2 robe {Will+}
rPois   .          Reflect  .   (no helmet)
rElec   .          Harm     .   (no cloak)
rCorr   .          Rampage  .   (no gloves)
Will    +....                   (no boots)
Stlth   ++........              (no amulet)
HPRegen 0.08/turn               (no ring)
MPRegen 0.12/turn               (no ring)

@: no status effects
A: high MP 1, forlorn, divine attributes
a: no special abilities


You were on level 4 of the Dungeon.
You visited 1 branch of the dungeon, and saw 3 of its levels.

You collected 29 gold pieces.

Inventory:

Hand Weapons
 j - a +0 dagger of venom (weapon)
Armour
 a - a +1 robe
 e - a +2 robe of willpower (worn)
 i - a +0 chain mail
Jewellery
 b - a ring of positive energy
Wands
 d - a wand of polymorph (8)
Scrolls
 c - a scroll of enchant weapon {unknown}
 k - 2 scrolls of teleportation


   Skills:
 - Level 1.9 Dodging
 - Level 2.0 Stealth
 + Level 2.9 Spellcasting
 * Level 4.2 Conjurations


You had 2 spell levels left.
You knew the following spells:

 Your Spells              Type           Power      Damage    Failure   Level
a - Magic Dart            Conj           92%        1d7       1%          1
b - Searing Ray           Conj           46%        2d6       3%          2
c - Static Discharge      Conj/Air       13%        N/A       7%          2

Your spell library contained the following spells:

 Spells                   Type           Power      Damage    Failure   Level
 Dazzling Flash           Conj/Hex       26%        N/A       14%         3
 Fulminant Prism          Conj/Hex       6%         3d7       41%         4
 Iskenderun's Mystic Bla  Conj/Tloc      13%        2d5       41%         4
 Lightning Bolt           Conj/Air       6%         1d18      77%         5
 Maxwell's Capacitive Co  Air            1%         ∞         100%        8


Dungeon Overview and Level Annotations

Branches:
Dungeon (4/15)
 Temple: D:4-7


Innate Abilities, Weirdness & Mutations

You have an increased reservoir of magic. (+10% MP)
You shall have no god before yourself.
Your divine heritage dramatically boosts your attributes as you level up.


Message History

You are struck by an arc of lightning.
The lightning grounds out.
The phantom closely misses you.
Casting: Static Discharge (safe; 7% risk of failure)
Confirm with . or Enter, or press ? or * to list all spells.
The phantom is struck by an arc of lightning!
The phantom is severely damaged.
You are struck by an arc of lightning.
The lightning grounds out.
The phantom barely misses you.
Casting: Static Discharge (safe; 7% risk of failure)
Confirm with . or Enter, or press ? or * to list all spells.
Aiming: Magic Dart (safe; 1% risk of failure)
Press: ? - help, Shift-Dir - straight line, f/p - phantom
Aim: a phantom (severely damaged, 100% to hit)
The magic dart hits the phantom.
The phantom is severely damaged.
The phantom hits you but does no damage.
Casting: Magic Dart (safe; 1% risk of failure)
Confirm with . or Enter, or press ? or * to list all spells.
Aiming: Magic Dart (safe; 1% risk of failure)
Press: ? - help, Shift-Dir - straight line, f/p - phantom
Aim: a phantom (severely damaged, 100% to hit)
The magic dart hits the phantom but does no damage.
The phantom is severely damaged.
The phantom hits you!
Casting: Magic Dart (safe; 1% risk of failure)
Confirm with . or Enter, or press ? or * to list all spells.
Aiming: Magic Dart (safe; 1% risk of failure)
Press: ? - help, Shift-Dir - straight line, f/p - phantom
Aim: a phantom (severely damaged, 100% to hit)
The magic dart hits the phantom.
The phantom is almost destroyed.
The phantom hits you but does no damage.
You barely miss the phantom.
The phantom is almost destroyed.
The phantom hits you.
* * * LOW HITPOINT WARNING * * *
You closely miss the phantom.
The phantom is almost destroyed.
The phantom hits you!
You die...

#######......#
###...## #...#
#...##
####........
........###.
........# .#
.$......###...#
####...W@...#
#...####.....
#...# .## #...
#... #... ....
<...#


You could see a phantom.

Vanquished Creatures
  Jessica (D:2)
  2 adders
  2 dart slugs (D:2)
  2 orcs (D:4)
  3 ball pythons
  3 bats
  3 endoplasms (D:1)
  A giant cockroach (D:2)
  2 goblins
  A hobgoblin (D:2)
  A kobold (D:2)
  A frilled lizard (D:1)
  A rat (D:2)
23 creatures vanquished.

Vanquished Creatures (others)
  7 plants (D:4)
7 creatures vanquished.

Grand Total: 30 creatures vanquished

Notes
Turn   | Place    | Note
-------+----------+-------------------------------------------
     0 | D:1      | eooof the Demigod Conjurer began the quest for the Orb.
     0 | D:1      | Reached XP level 1. HP: 14/14 MP: 5/5
   326 | D:1      | Reached XP level 2. HP: 20/20 MP: 1/7
   432 | D:2      | Noticed Jessica
   461 | D:2      | Killed Jessica
   462 | D:2      | Reached XP level 3. HP: 22/26 MP: 0/9
   916 | D:2      | Reached skill level 4 in Conjurations
   971 | D:2      | Learned a level 2 spell: Searing Ray
   974 | D:2      | Learned a level 2 spell: Static Discharge
  1179 | D:2      | You fall into a shaft and drop 2 floors!
  1329 | D:4      | Noticed a phantom
  1342 | D:4      | Slain by a phantom

Illustrated notes

Levels and vault maps discovered:
D:1:      minmay_arrival_checkered_box, layout_loops_ring,
          basic_ecumenical_altar
D:2:      kennysheep_six_static_rooms, layout_basic, uniq_jessica
D:4:      layout_loops_cross, serial_bayou, serial_bayou_pond_a,
          serial_bayou_crossing, serial_bayou_shore_a, serial_bayou_pond_d,
          item_on_display_a

Skill      XL: |  1  2  3 |
---------------+----------+-----
Stealth        | 2 |  2.0
Spellcasting   | 2 |  2.9
Conjurations   | 4 |  4.2
Dodging        | |  1.9

Action                   || total
-------------------------++-------
Melee: Unarmed           ||     9
       Dagger            ||    20
       Punch             ||     1
 Cast: Magic Dart        ||    65
       Static Discharge  ||     5
  Use: Scroll            ||     4
       Potion            ||     4
Armor: Robe              ||     8
       Skin              ||     5
Dodge: Dodged            ||    28
